 Dungeon Crawl Stone Soup version 0.27-a0-1206-g6342a01c75 (webtiles) character file.

Game seed: 5898770547250611268

74062 Glokmah the Brawler (level 15, -4/149 HPs)
             Began as a Troll Monk on June 5, 2021.
             Was the Champion of the Shining One.
             Killed from afar by a raiju (9 damage)
             ... with a living lightning
             ... on level 3 of the Abyss.
             The game lasted 00:46:51 (17149 turns).

Glokmah the Brawler (Troll Monk)                   Turns: 17149, Time: 00:46:52

Health: -4/149     AC:  9    Str: 29    XL:     15   Next: 5%
Magic:  19/24      EV: 10    Int:  6    God:    the Shining One [******]
Gold:   2378       SH:  0    Dex: 13    Spells: 14/14 levels left

rFire    . . .     SeeInvis .     - Unarmed
rCold    + . .     Faith    .   (no shield)
rNeg     + + +     Spirit   .   t - +2 robe of Vines {NoPotionHeal Regen+++}
rPois    .         Reflect  .   L - +0 hat of Beoteq {rF- Regen+ Str+2}
rElec    .         Harm     .   D - scarf {rC+ rF+}
rCorr    .         Rampage  .   (gloves unavailable)
Will     +....                  (boots unavailable)
Stlth    +.........             U - amulet of regeneration
HPRegen  6.34/turn              h - +4 ring of protection
MPRegen  0.19/turn              I - +4 ring of slaying

@: glowing, studying Evocations
A: large, unfitting armour, claws 3, regeneration 1, shaggy fur 1, tough skin 1,
deformed body
a: Renounce Religion, Divine Shield, Cleansing Flame, Summon Divine Warrior


You were on level 3 of the Abyss.
You worshipped the Shining One.
The Shining One was exalted by your worship.
You visited 3 branches of the dungeon, and saw 17 of its levels.
You visited the Abyss 1 time.
You also visited: Sewer and Gauntlet.

You collected 2463 gold pieces.
You spent 85 gold pieces at shops.

Inventory:

Hand Weapons
 a - the +7 great mace "Firestarter" {inner flame, rF++}
   (You took it off a minotaur in a Gauntlet)

   It has been specially enchanted to burn those struck by it, causing extra
   injury to most foes and up to half again as much damage against particularly
   susceptible opponents.
   It greatly protects you from fire.
 o - a +5 sacred scourge of holy wrath
 S - the +0 flail of Balance {vorpal, *Corrode Will+ Str+4}
   (You found it in a Gauntlet)

   It inflicts extra damage upon your enemies.
   It affects your strength (+4).
   It may corrode you when you take damage.
   It increases your willpower.
 T - the +7 scythe of False Accusations {antimagic, rPois Will+ Int+2 Dex+4}
   (You found it on level 2 of the Lair of Beasts)

   It reduces the magical energy of the wielder, and disrupts the spells and
   magical abilities of those hit.
   Natural abilities and divine invocations are not affected.
   It affects your intelligence (+2).
   It affects your dexterity (+4).
   It protects you from poison.
   It increases your willpower.
Missiles
 k - 12 curare-tipped darts
 l - 105 poisoned darts
 y - 15 boomerangs (quivered)
 Q - 5 javelins
 W - a throwing net
Armour
 i - a +2 robe of willpower
 t - the +2 robe of Vines (worn) {NoPotionHeal Regen+++}
   (You found it on level 7 of the Dungeon)

   It increases your rate of health regeneration.
 D - a scarf of resistance (worn)
 L - the +0 hat of Beoteq (worn) {rF- Regen+ Str+2}
   (You found it in a Gauntlet)

   It affects your strength (+2).
   It makes you vulnerable to fire.
   It increases your rate of health regeneration.
Jewellery
 h - a +4 ring of protection (left claw)
 v - a ring of willpower
 w - a ring of poison resistance
 x - an amulet of guardian spirit
 z - a ring of resist corrosion
 I - a +4 ring of slaying (right claw)
 J - a ring of protection from fire
 N - a ring of protection from cold
 U - an amulet of regeneration (around neck)
 V - a +6 ring of strength
 Z - a ring of flight
Wands
 c - a wand of flame (41)
 u - a wand of polymorph (21)
 B - a wand of acid (10)
 E - a wand of digging (3)
 F - a wand of charming (10)
 O - a wand of paralysis (7)
 R - a wand of iceblast (9)
Scrolls
 m - 4 scrolls of teleportation
 p - 3 scrolls of fog
 r - 4 scrolls of noise
 C - a scroll of fear
 G - a scroll of enchant armour
 K - 4 scrolls of vulnerability
 X - 2 scrolls of blinking
 Y - 3 scrolls of magic mapping
Potions
 b - 10 potions of heal wounds
 d - 5 potions of brilliance
 e - 2 potions of ambrosia
 f - 5 potions of lignification
 g - 4 potions of flight
 j - 11 potions of curing
 n - a potion of invisibility {unknown}
 q - a potion of cancellation {unknown}
 s - 3 potions of attraction
 A - 2 potions of berserk rage
 H - 2 potions of mutation
 M - a potion of haste
 P - 2 potions of might


   Skills:
 + Level 10.0 Fighting
 * Level 2.0 Maces & Flails
 - Level 2.4 Dodging
 - Level 1.0 Stealth
 - Level 12.4 Shields
 * Level 15.5 Unarmed Combat
 * Level 13.3 Invocations
 + Level 3.1 Evocations


You had 14 spell levels left.
You didn't know any spells.
Your spell library contained the following spells:

 Spells                   Type           Power      Damage    Failure   Level
 Animate Skeleton         Necr           0%         N/A       45%         1
 Foxfire                  Conj/Fire      0%         2x1d4     45%         1
 Pain                     Necr           0%         1d4       45%         1
 Poisonous Vapours        Pois/Air       0%         N/A       58%         2
 Static Discharge         Conj/Air       0%         N/A       58%         2
 Conjure Flame            Conj/Fire      0%         6-21      83%         3
 Gell's Gravitas          Tloc           0%         N/A       83%         3
 Inner Flame              Hex/Fire       0%         N/A       83%         3
 Mephitic Cloud           Conj/Pois/Air  0%         N/A       83%         3
 Portal Projectile        Hex/Tloc       0%         N/A       83%         3
 Summon Guardian Golem    Hex/Summ       0%         N/A       83%         3
 Teleport Other           Tloc           0%         N/A       83%         3
 Vampiric Draining        Necr           0%         2d6       83%         3
 Animate Dead             Necr           0%         N/A       99%         4
 Sticky Flame             Conj/Fire      0%         2d3       99%         4
 Agony                    Necr           0%         N/A       100%        5
 Fireball                 Conj/Fire      0%         3d3       100%        5
 Lightning Bolt           Conj/Air       0%         1d11      100%        5
 Manifold Assault         Tloc           0%         N/A       100%        5
 Summon Forest            Summ/Tloc      0%         N/A       100%        5
 Summon Mana Viper        Hex/Summ       0%         N/A       100%        5
 Freezing Cloud           Conj/Ice/Air   0%         6-21      100%        6
 Shadow Creatures         Summ           N/A        N/A       100%        6
 Summon Hydra             Summ           0%         N/A       100%        7
 Discord                  Hex            0%         N/A       100%        8
 Ignition                 Fire           0%         3d3       100%        8
 Shatter                  Erth           0%         3d5*      100%        9
 Tornado                  Air            0%         N/A       100%        9


Dungeon Overview and Level Annotations

Branches:
Dungeon (10/15)            Temple (0/1) D:6            Lair (6/6) D:9
  Swamp (0/4) Lair:4        Snake (0/4) Lair:4        Slime (1/5) Lair:5
  Sewer (visited)         Gauntlet (visited)
    Orc: D:9-12

Altars:
Elyvilon
Hepliaklqana
Okawaru
Ru
Sif Muna
Zin
The Shining One

Shops:
D:1 *   D:3 [[

Portals:
Abyss: D:7

Annotations:
D:10 Sonja


Innate Abilities, Weirdness & Mutations

You are too large for most types of armour.
You have claws for hands.
Your natural rate of healing is unusually fast.
You are covered in fur. (AC +1)
You have tough skin. (AC +1)
Armour fits poorly on your strangely shaped body.


Message History

The raiju barks!
You scratch the raiju.
The raiju is lightly wounded.
The raiju bites you! The raiju shocks you!
* * * LOW HITPOINT WARNING * * *
Unknown command.
The raiju barely misses you.
You eviscerate the raiju!!!
You kill the raiju!
The raiju's corpse shimmers and vanishes!
You claw the raiju!
The raiju is moderately wounded.
The raiju bursts into living lightning!
The living lightning hits you. The living lightning hits you!
* * * LOW HITPOINT WARNING * * *
The raiju blinks!
A raiju comes into view.
The raiju bites you. The raiju shocks you!
* * * LOW HITPOINT WARNING * * *
The raiju bites you but does no damage.
The raiju bursts into living lightning!
The living lightning hits the raiju.
The raiju completely resists.
The living lightning hits you!
* * * LOW HITPOINT WARNING * * *
The raiju blinks!
The golden flame engulfs you but does no damage.
The golden flame engulfs the raiju!
The raiju is severely wounded.
The golden flame engulfs the raiju!
The raiju is moderately wounded.
You hear a bark!
You hear a shout!
You hear a screech!
The raiju bites you.
* * * LOW HITPOINT WARNING * * *
The raiju shocks you!
* * * LOW HITPOINT WARNING * * *
The raiju bursts into living lightning!
The living lightning hits you!
* * * LOW HITPOINT WARNING * * *
The living lightning hits you!
You die...

. ... #..## #.
..... ...##.
....#..... ......
...........
....### ......
.....###.....#
...
........##.... .
............†###
...
..........§h#.##
..
.....#(....##@.h#
......
....$.###.###
............# .#.
#. .. ......#.##
#. .........h.# .
#. . .....§.### .
.. .... . ## . .
#. ....##.# ##
.... .# .#.. #.
## .. ..


You could see 2 raiju.

Vanquished Creatures
  2 tentacled starspawn (Abyss:2)
  Kirke (Lair:5)
  A cacodemon (Abyss:2)
  A minotaur (Gauntlet)
  Snorg (Lair:6)
  Josephine (Lair:5)
  4 boulder beetles
  6 hydras
  Erica (Lair:1)
  An anaconda (Lair:4)
  2 two-headed ogres
  4 hell hogs
  12 spriggans (Lair:6)
  2 wretched stars (Abyss:1)
  A skeletal warrior (D:7)
  A fire crab (Lair:6)
  2 bog bodies (Lair:4)
  4 lindwurms (Lair:2)
  A necromancer (Gauntlet)
  3 large abominations (Abyss:2)
  The ghost of PigKeeper the Geomancer, a novice GrEE of Makhleb (D:7)
  A manticore (D:7)
  A toenail golem (D:7)
  2 oklob plants (Lair:1)
  5 elephants (Lair:6)
  8 black mambas
  An apocalypse crab (Abyss:1)
  An eye of devastation (Abyss:2)
  8 cane toads
  2 smoke demons
  2 torpor snails (Lair:4)
  2 orange demons
  An unseen horror (Abyss:2)
  An efreet (Abyss:2)
  3 kobold demonologists (D:10)
  5 komodo dragons
  4 rime drakes
  An ancient zyme (Abyss:2)
  2 ice devils
  A red devil (Abyss:2)
  4 trolls
  5 polar bears (Lair:6)
  6 hornets
  Prince Ribbit (D:6)
  A slime creature (D:7)
  The ghost of knorpule3000 the Chiller, an amateur DsIE of Lugonu (D:5)
  Grinder (D:6)
  16 blink frogs
  A raiju (Abyss:3)
  A dream sheep (Lair:6)
  A flying skull (Abyss:2)
  6 wyverns
  10 starcursed masses
  3 wraiths
  2 shadows (D:10)
  29 yaks
  2 ynoxinuls (Abyss:2)
  3 basilisks
  3 chaos spawn
  A steam dragon (D:5)
  3 swamp worms (Lair:4)
  An acid dragon (shapeshifter) (Abyss:1)
  16 water moccasins
  3 hell hounds (Gauntlet)
  14 small abominations
  4 black bears
  2 orc warriors
  2 ogres (D:5)
  3 sky beasts
  31 wolves
  3 ice beasts
  4 boggarts (Lair:6)
  3 centaurs
  25 kobold brigands
  Blork the orc (D:4)
  15 bullfrogs
  8 scorpions
  A wyvern skeleton (D:7)
  A water moccasin skeleton (D:6)
  7 killer bees
  14 wights
  A vampire bat (D:3)
  3 howler monkeys
  2 electric eels
  2 bullfrog zombies (D:6)
  A centaur zombie (D:8)
  6 orc priests
  3 hounds
  6 jellies
  An iron imp (Abyss:2)
  Jessica (D:2)
  3 centaur skeletons
  3 orc wizards
  3 iguanas
  A killer bee zombie (D:5)
  2 howler monkey zombies
  4 adders
  5 river rats (Sewer)
  3 shadow imps (D:7)
  9 white imps
  7 ufetubi
  An adder skeleton (D:5)
  2 worms
  A dart slug (D:1)
  7 fire bats
  21 orcs
  2 spectral bats (D:3)
  12 ball pythons
  A bat simulacrum (D:3)
  3 bat skeletons (D:3)
  A bat zombie (D:3)
  10 endoplasms
  5 goblins
  4 hobgoblins
  2 jackals (D:1)
  30 kobolds
  11 bats
  4 frilled lizards
  A quokka skeleton (D:4)
  22 rats
  A starspawn tentacle (Abyss:2)
568 creatures vanquished.

Vanquished Creatures (collateral kills)
  A hydra (Lair:1)
  A bullfrog (Lair:1)
2 creatures vanquished.

Vanquished Creatures (others)
  A wraith (Lair:5)
  A human (Lair:5)
  29 fungi
  48 plants
  6 starspawn tentacles (Abyss:2)
85 creatures vanquished.

Grand Total: 655 creatures vanquished

Notes
Turn   | Place    | Note
-------+----------+-------------------------------------------
     0 | D:1      | Glokmah the Troll Monk began the quest for the Orb.
     0 | D:1      | Reached XP level 1. HP: 22/22 MP: 0/0
    67 | D:1      | Found Dobotofuitt's Assorted Antiques.
   107 | D:1      | Reached XP level 2. HP: 29/29 MP: 1/1
   873 | D:2      | Found a faded altar of an unknown god.
   904 | D:2      | Reached XP level 3. HP: 36/36 MP: 2/2
   987 | D:2      | Noticed Jessica
   992 | D:2      | Killed Jessica
   993 | D:2      | Reached skill level 4 in Unarmed Combat
  1715 | D:3      | Found Geoll's Antique Armour Emporium.
  1723 | D:3      | Bought a glowing robe for 85 gold pieces
  1867 | D:3      | Reached XP level 4. HP: 45/45 MP: 3/3
  2005 | D:3      | Reached skill level 5 in Unarmed Combat
  2005 | D:3      | Reached XP level 5. HP: 53/53 MP: 4/4
  2290 | D:3      | Found Duggaucw's Antique Armour Emporium.
  2380 | D:3      | Reached XP level 6. HP: 62/62 MP: 5/5
  2946 | D:4      | Found a glowing drain.
  2963 | Sewer    | Entered a sewer
  3099 | Sewer    | Reached skill level 6 in Unarmed Combat
  3101 | Sewer    | Reached skill level 1 in Shields
  3335 | Sewer    | Reached XP level 7. HP: 65/70 MP: 6/6
  3555 | D:4      | Found a glowing golden altar of the Shining One.
  3576 | D:4      | Found an iron altar of Okawaru.
  3599 | D:4      | Became a worshipper of the Shining One
  3599 | D:4      | Reached * piety under the Shining One
  3599 | D:4      | Reached ** piety under the Shining One
  3855 | D:4      | Noticed Blork the orc
  3861 | D:4      | Killed Blork the orc
  4421 | D:5      | Entered Level 5 of the Dungeon
  4426 | D:5      | Reached skill level 1 in Invocations
  4458 | D:5      | Reached skill level 7 in Unarmed Combat
  4713 | D:5      | Reached XP level 8. HP: 79/79 MP: 7/9
  5021 | D:5      | Found a large runed translucent door.
  5022 | D:5      | Found a large runed translucent door.
  5023 | D:5      | Noticed knorpule3000's ghost (amateur DsIE)
  5030 | D:5      | Killed knorpule3000's ghost
  5031 | D:5      | Reached skill level 8 in Unarmed Combat
  5065 | D:5      | Reached skill level 5 in Fighting
  5266 | D:6      | Noticed Prince Ribbit
  5272 | D:6      | Noticed Grinder
  5283 | D:6      | Killed Prince Ribbit
  5284 | D:6      | Reached skill level 5 in Invocations
  5284 | D:6      | Reached XP level 9. HP: 64/88 MP: 11/11
  5299 | D:6      | Killed Grinder
  5305 | D:6      | Reached skill level 9 in Unarmed Combat
  5451 | D:6      | Found a staircase to the Ecumenical Temple.
  5477 | D:6      | Reached *** piety under the Shining One
  5600 | D:6      | Found a sacrificial altar of Ru.
  6030 | D:7      | Reached skill level 10 in Unarmed Combat
  6043 | D:7      | Found the +2 robe of Vines {NoPotionHeal Regen+++}
  6077 | D:7      | Noticed a boulder beetle
  6078 | D:7      | Noticed a troll
  6078 | D:7      | Noticed a manticore
  6083 | D:7      | Noticed a troll
  6083 | D:7      | Noticed a skeletal warrior
  6087 | D:7      | Noticed a two-headed ogre
  6096 | D:7      | Killed a manticore
  6097 | D:7      | Reached XP level 10. HP: 27/98 MP: 14/14
  6102 | D:7      | Killed a boulder beetle
  6135 | D:7      | Found a transporter.
  6139 | D:7      | Noticed PigKeeper's ghost (novice GrEE)
  6140 | D:7      | Found a transporter.
  6216 | D:7      | Reached **** piety under the Shining One
  6225 | D:7      | Noticed a toenail golem
  6697 | D:7      | Killed a two-headed ogre
  6698 | D:7      | Reached skill level 11 in Unarmed Combat
  6724 | D:7      | Killed a skeletal warrior
  6772 | D:7      | Identified the +9 long sword "Piewo" {venom, rF+}
  6778 | D:7      | Identified the +8 whip "Ultimatum" {freeze, Drain Will+
                  | Int+4}
  6960 | D:7      | Found a one-way gate to the infinite horrors of the Abyss.
  7005 | D:7      | Killed a toenail golem
  7020 | D:7      | Killed PigKeeper's ghost
  7021 | D:7      | Reached XP level 11. HP: 109/109 MP: 9/16
  7032 | D:7      | Got Lugonu's Guide on the Voyage
  7636 | D:8      | Found a shimmering blue altar of Sif Muna.
  7648 | D:8      | Found a glowing silver altar of Zin.
  7845 | D:8      | Found a white marble altar of Elyvilon.
  8433 | D:9      | Found a staircase to the Lair.
  8499 | D:9      | Reached skill level 12 in Unarmed Combat
  8610 | D:9      | Identified 3 scrolls of acquirement
  8610 | D:9      | Acquired a scarf of resistance
  8618 | D:9      | Acquired a manual of Shields
  8620 | D:9      | Acquired 727 gold pieces
  8862 | D:10     | Entered Level 10 of the Dungeon
  8922 | Lair:1   | Entered Level 1 of the Lair of Beasts
  9016 | Lair:1   | Found a transporter.
  9017 | Lair:1   | Found a transporter.
  9018 | Lair:1   | Noticed a boulder beetle
  9019 | Lair:1   | Reached ***** piety under the Shining One
  9097 | Lair:1   | Noticed an oklob plant
  9097 | Lair:1   | Noticed an oklob plant
  9117 | Lair:1   | Killed an oklob plant
  9126 | Lair:1   | Killed an oklob plant
  9294 | Lair:1   | Noticed a seven-headed hydra
  9298 | Lair:1   | Killed a seven-headed hydra
  9532 | Lair:1   | Noticed Erica
  9539 | Lair:1   | Killed Erica
  9540 | Lair:1   | Reached skill level 10 in Invocations
  9542 | Lair:1   | Reached skill level 5 in Shields
  9858 | Lair:1   | Killed a boulder beetle
  9943 | Lair:2   | Reached XP level 12. HP: 108/119 MP: 10/18
  9971 | Lair:2   | Found a gate leading to a gauntlet.
  9985 | Gauntlet | Entered a Gauntlet
  9985 | Gauntlet | Found a transporter.
  9985 | Gauntlet | Found a runed translucent door.
  9985 | Gauntlet | Found a transporter.
  9993 | Gauntlet | Noticed a death scarab
 10019 | Gauntlet | Found a transporter.
 10023 | Gauntlet | Found a transporter.
 10031 | Gauntlet | Found a transporter.
 10036 | Gauntlet | Found a transporter.
 10037 | Gauntlet | Noticed a satyr
 10042 | Gauntlet | Noticed a boulder beetle
 10042 | Gauntlet | a satyr changed into a boulder beetle
 10044 | Gauntlet | Found a transporter.
 10047 | Gauntlet | Noticed a great orb of eyes
 10047 | Gauntlet | a boulder beetle changed into a great orb of eyes
 10048 | Gauntlet | a great orb of eyes changed into a torpor snail
 10061 | Gauntlet | Found a transporter.
 10061 | Gauntlet | Noticed a hell hog
 10078 | Gauntlet | Found a transporter.
 10079 | Gauntlet | Found a transporter.
 10083 | Gauntlet | Found a runed translucent door.
 10083 | Gauntlet | Found a runed translucent door.
 10087 | Gauntlet | Found a transporter.
 10091 | Gauntlet | Found a transporter.
 10095 | Gauntlet | Found a runed translucent door.
 10373 | Gauntlet | Killed a hell hog
 10393 | Gauntlet | Identified the +0 hat of Beoteq {rF- Regen+ Str+2}
 10406 | Gauntlet | Noticed a stone giant
 10413 | Gauntlet | Noticed a sphinx
 10413 | Gauntlet | a stone giant changed into a sphinx
 10417 | Gauntlet | Noticed a minotaur
 10449 | Gauntlet | Killed a minotaur
 10450 | Gauntlet | Reached skill level 13 in Unarmed Combat
 10579 | Gauntlet | Identified the Papyrus of the Enchanting Volcanoes
 10579 | Gauntlet | Identified the +0 flail of Balance {vorpal, *Corrode Will+
                  | Str+4}
 10657 | Lair:2   | Noticed a six-headed hydra
 10669 | Lair:2   | Killed a ten-headed hydra
 11260 | Lair:2   | Identified the +7 scythe of False Accusations {antimagic,
                  | rPois Will+ Int+2 Dex+4}
 11982 | Lair:4   | Noticed a five-headed hydra
 11994 | Lair:4   | Killed a five-headed hydra
 12191 | Lair:4   | Noticed a five-headed hydra
 12195 | Lair:4   | Killed a seven-headed hydra
 12196 | Lair:4   | Reached XP level 13. HP: 60/128 MP: 20/20
 12292 | Lair:4   | HP: 6/128 [seven-headed hydra (7)]
 12292 | Lair:4   | The Shining One protects you from harm!
 12525 | Lair:4   | Found a hazy altar of Hepliaklqana.
 12968 | Lair:4   | Found a staircase to the Snake Pit.
 13076 | Lair:4   | Found a staircase to the Swamp.
 13236 | Lair:4   | Reached skill level 14 in Unarmed Combat
 13270 | Lair:5   | Found a staircase to the Slime Pits.
 13395 | Lair:5   | Reached skill level 10 in Shields
 13438 | Lair:5   | Noticed Josephine
 13449 | Lair:5   | Killed Josephine
 13465 | Lair:5   | Noticed Kirke
 13470 | Lair:5   | Killed Kirke
 14015 | Lair:6   | Entered Level 6 of the Lair of Beasts
 14040 | Slime:1  | Entered Level 1 of the Pits of Slime
 14040 | Slime:1  | Noticed a rockslime
 14040 | Slime:1  | Noticed an acid blob
 14214 | Lair:6   | Paralysed by a hornet for 2 turns
 14218 | Lair:6   | Paralysed by a hornet for 3 turns
 14311 | Lair:6   | Reached XP level 14. HP: 140/140 MP: 22/22
 14445 | Lair:6   | Identified the +5 dagger of Accord {vorpal, Contam rPois
                  | Will+}
 14508 | Lair:6   | Noticed Snorg
 14515 | Lair:6   | Killed Snorg
 15629 | D:10     | Reached skill level 15 in Unarmed Combat
 15761 | D:10     | Reached ****** piety under the Shining One
 15832 | D:10     | Noticed Sonja
 15851 | D:10     | Cast into level 1 of the Abyss (Sonja)
 15891 | Abyss:1  | Reached skill level 1 in Evocations
 15905 | Abyss:1  | Noticed a bone dragon
 15932 | Abyss:1  | Noticed a starcursed mass
 16288 | Abyss:2  | Identified the +3 hand axe of Dismemberment {pain, rPois
                  | Dex+3}
 16310 | Abyss:2  | Noticed a starcursed mass
 16382 | Abyss:2  | Identified a +5 sacred scourge of holy wrath (a +3
                  | antimagic demon whip blessed by the Shining One)
 16382 | Abyss:2  | Received a gift from the Shining One
 16787 | Abyss:2  | Noticed a deep elf elementalist
 16787 | Abyss:2  | Noticed a tentacled starspawn
 16789 | Abyss:2  | Noticed a starcursed mass
 16797 | Abyss:2  | Killed a tentacled starspawn
 16799 | Abyss:2  | Paralysed by accursed screaming for 1 turns
 16898 | Abyss:2  | Noticed a tentacled starspawn
 16902 | Abyss:2  | Found a corrupted altar of Lugonu.
 17053 | Abyss:2  | Noticed a tentacled starspawn
 17054 | Abyss:2  | Noticed a cacodemon
 17061 | Abyss:2  | Reached skill level 1 in Maces & Flails
 17067 | Abyss:2  | Noticed a tentacled starspawn
 17075 | Abyss:2  | Killed a tentacled starspawn
 17076 | Abyss:2  | Reached skill level 10 in Fighting
 17076 | Abyss:2  | Reached XP level 15. HP: 54/149 MP: 22/24
 17083 | Abyss:2  | Gained mutation: Armour fits poorly on your strangely
                  | shaped body. [a cacodemon]
 17143 | Abyss:3  | Noticed a tentacled starspawn
 17149 | Abyss:3  | HP: 5/149 [raiju/living lightning (16)]
 17149 | Abyss:3  | Killed from afar by a raiju

Illustrated notes

Levels and vault maps discovered:
D:1:      mrwooster_arrival_statue_2, layout_basic, serial_shops, shop
D:2:      layout_basic, shapermc_ecumenical_altar_starsandcircs,
          kennysheep_nondescript, serial_park_tiny_1, uniq_jessica
D:3:      layout_basic, serial_shops, nicolae_shop_stone, shop_statue,
          goddamned_bats
D:4:      layout_cave_pools, lemuel_tele_altar, tso_metal_star,
          portal_sewer_entry_a, serial_co_window_serial,
          co_window_of_opportunity_a, co_window_of_opportunity_a,
          co_window_paths_a, co_window_paths_a, co_window_corner_a,
          co_window_paths_b, co_window_cross_3, co_window_of_opportunity_b,
          co_window_broadway_a, co_window_broadway_a, co_window_broadway_a,
          co_window_2corner, co_window_cross_2, glass_columns_a,
          glass_columns_b, glass_columns_a, glass_columns_b, glass_columns_a,
          uniq_blork_the_orc
D:5:      layout_loops_cross, ebering_ghost_disaster_area
D:6:      layout_rooms, general_overflow_altar, minmay_temple_entry_poolview,
          uniq_grinder, uniq_prince_ribbit1
D:7:      minmay_the_grid_triangle_9x9_rhombus_full
          [minmay_the_grid_triangle_9x9_wacky_v,
          minmay_the_grid_triangle_9x9_from_above,
          minmay_the_grid_triangle_9x9_skeleton,
          minmay_the_grid_triangle_9x9_steps,
          minmay_the_grid_triangle_9x9_checkered,
          minmay_the_grid_triangle_9x9_intruding_spiral,
          minmay_the_grid_triangle_9x9_odd_lines,
          minmay_the_grid_triangle_9x9_prize_schism], layout_rooms,
          gammafunk_ghost_abyssal_escape, st_stairs_4
D:8:      layout_gridville, grunt_temple_overflow_open,
          nicolae_elyvilon_temple_path
D:9:      layout_irregular_city, lair_entry_dummy
D:10:     layout_roguey [special_room_kobold], uniq_sonja
Lair:1:   gammafunk_boulding_lane, layout_gridlike, minmay_lair_oklob_chamber,
          uniq_erica
Lair:2:   layout_misc_corridors, gauntlet_entry_generic, minmay_lindwurm_lava,
          lemuel_fruit_tree
Lair:3:   layout_misc_corridors
Lair:4:   nzn_winding_woodlands_cross [nzn_winding_woodlands_5x15_sidewinder,
          nzn_winding_woodlands_5x15_lazy_stream,
          nzn_winding_woodlands_5x15_zeroes, nzn_winding_woodlands_5x15_default,
          nzn_winding_woodlands_15x15_thick_spiral], layout_gridlike,
          nicolae_swamp_entry_splash_gauntlet, basic_altar
Lair:5:   layout_roguey, nicolae_slime_entry_slimehenge, uniq_josephine,
          uniq_kirke
Lair:6:   minmay_lair_end_enchanted_forest, layout_cave_pods,
          nzn_sisyphean_effort, uniq_snorg
Slime:1:  layout_caves
Abyss:3:  base:
Snake:1

Skill      XL: |  1  2  3  4  5  6  7  8  9 10 11 12 13 14 15 |
---------------+----------------------------------------------+-----
Fighting       | 3 4 5 6 7 8 9 10 | 10.0
Unarmed Combat | 4 5 6 7 8 10 11 12 13 14 15 | 15.5
Shields        | 2 5 8 11 12 | 12.4
Invocations    | 2 5 7 8 10 11 12 13 | 13.3
Evocations     | 3 |  3.1
Maces & Flails | 1 2 |  2.0
Dodging        | |  2.4
Stealth        | |  1.0

Action                   |  1- 3 |  4- 6 |  7- 9 | 10-12 | 13-15 || total
-------------------------+-------+-------+-------+-------+-------++-------
Melee: Unarmed           |    68 |   202 |   201 |   478 |   704 ||  1653
       Punch             |       |     4 |    13 |    35 |    60 ||   112
       Great mace        |       |       |       |     5 |    14 ||    19
Throw: Boomerang         |       |       |       |       |     2 ||     2
Invok: Divine Shield     |       |       |       |     4 |     1 ||     5
       Summon Divine War |       |       |       |     1 |     1 ||     2
       Cleansing Flame   |       |       |       |       |     4 ||     4
       Brand Weapon With |       |       |       |       |     1 ||     1
Evoke: Wand              |       |       |       |       |     1 ||     1
  Use: Scroll            |       |     5 |     6 |    11 |    12 ||    34
       Potion            |       |       |       |     3 |       ||     3
 Stab: Sleeping          |     3 |     2 |       |       |       ||     5
Armor: Robe              |    19 |   138 |   109 |   187 |   282 ||   735
Dodge: Dodged            |    23 |   135 |   108 |   256 |   332 ||   854
Block: Other             |       |       |       |    15 |     3 ||    18

Table legend: (Time is in decaauts)
 A = Elapsed time spent in this place.
 B = Non-inter-level travel time spent in this place.
 C = Inter-level travel time spent in this place.
 D = Time resting spent in this place.
 E = Time spent auto-exploring this place.
 F = Levels seen in this place.
 G = Mean time per level.
                   A        B        C        D        E       F      G
               +--------+--------+--------+--------+--------+-----+--------+
         Total |  16931 |  15670 |   1261 |    554 |  10621 |  22 |  769.6 |
       Dungeon |   8708 |   7808 |    900 |     38 |   5973 |  10 |  870.8 |
          Lair |   5754 |   5393 |    361 |    228 |   3819 |   6 |  959.0 |
    Slime Pits |      7 |      7 |      0 |      0 |      0 |   1 |    7.0 |
         Abyss |   1252 |   1252 |      0 |    260 |    218 |   3 |  417.3 |
         Sewer |    582 |    582 |      0 |      0 |    323 |   1 |  582.0 |
      Gauntlet |    624 |    624 |      0 |     28 |    287 |   1 |  624.0 |
               +--------+--------+--------+--------+--------+-----+--------+

Top non-repeatable levels by time:
     D:7: 1337 daAuts
  Lair:4: 1329 daAuts
     D:3: 1228 daAuts
  Lair:6: 1139 daAuts
     D:8: 1001 daAuts
  Lair:1: 979 daAuts
     D:4: 938 daAuts
  Lair:2: 862 daAuts
     D:1: 858 daAuts
  Lair:5: 840 daAuts
 Abyss:2: 827 daAuts
     D:9: 816 daAuts
     D:2: 814 daAuts
     D:5: 782 daAuts
Gauntlet: 624 daAuts
